Workbook

Sheet Audit Log
A1: PERCY PLATE
A2: Quarterly Charge Audit | percyplate.com | The food cost calculator for small food businesses
A3: Invoice Date | B3: Supplier | C3: Invoice # | D3: Product Subtotal ($) | E3: Delivery Fee ($) | F3: Fuel Surcharge ($) | G3: Restocking Fees ($) | H3: Rebates Applied ($) | I3: Tax ($) | J3: Total Billed ($) | K3: Effective Markup (%) | L3: Flag
A4: 2026-09-21 (example) | B4: Example Foods Co. | C4: 10442 | D4: 4800 | E4: 35 | F4: 18.4 | G4: 0 | H4: 0 | I4: 96 | J4: =IF(COUNT(D4:I4)=0,"",SUM(D4:F4)+SUM(H4:I4)-G4) | K4: =IF(OR(J4="",D4="",D4=0),"",(J4-D4)/D4) | L4: =IF(K4="","",IF(K4>0.05,"OVER 5% - problem",IF(K4>0.03,"Above 3% - look closer","OK")))
J5: =IF(COUNT(D5:I5)=0,"",SUM(D5:F5)+SUM(H5:I5)-G5) | K5: =IF(OR(J5="",D5="",D5=0),"",(J5-D5)/D5) | L5: =IF(K5="","",IF(K5>0.05,"OVER 5% - problem",IF(K5>0.03,"Above 3% - look closer","OK")))
J6: =IF(COUNT(D6:I6)=0,"",SUM(D6:F6)+SUM(H6:I6)-G6) | K6: =IF(OR(J6="",D6="",D6=0),"",(J6-D6)/D6) | L6: =IF(K6="","",IF(K6>0.05,"OVER 5% - problem",IF(K6>0.03,"Above 3% - look closer","OK")))
J7: =IF(COUNT(D7:I7)=0,"",SUM(D7:F7)+SUM(H7:I7)-G7) | K7: =IF(OR(J7="",D7="",D7=0),"",(J7-D7)/D7) | L7: =IF(K7="","",IF(K7>0.05,"OVER 5% - problem",IF(K7>0.03,"Above 3% - look closer","OK")))
J8: =IF(COUNT(D8:I8)=0,"",SUM(D8:F8)+SUM(H8:I8)-G8) | K8: =IF(OR(J8="",D8="",D8=0),"",(J8-D8)/D8) | L8: =IF(K8="","",IF(K8>0.05,"OVER 5% - problem",IF(K8>0.03,"Above 3% - look closer","OK")))
J9: =IF(COUNT(D9:I9)=0,"",SUM(D9:F9)+SUM(H9:I9)-G9) | K9: =IF(OR(J9="",D9="",D9=0),"",(J9-D9)/D9) | L9: =IF(K9="","",IF(K9>0.05,"OVER 5% - problem",IF(K9>0.03,"Above 3% - look closer","OK")))
J10: =IF(COUNT(D10:I10)=0,"",SUM(D10:F10)+SUM(H10:I10)-G10) | K10: =IF(OR(J10="",D10="",D10=0),"",(J10-D10)/D10) | L10: =IF(K10="","",IF(K10>0.05,"OVER 5% - problem",IF(K10>0.03,"Above 3% - look closer","OK")))
J11: =IF(COUNT(D11:I11)=0,"",SUM(D11:F11)+SUM(H11:I11)-G11) | K11: =IF(OR(J11="",D11="",D11=0),"",(J11-D11)/D11) | L11: =IF(K11="","",IF(K11>0.05,"OVER 5% - problem",IF(K11>0.03,"Above 3% - look closer","OK")))
J12: =IF(COUNT(D12:I12)=0,"",SUM(D12:F12)+SUM(H12:I12)-G12) | K12: =IF(OR(J12="",D12="",D12=0),"",(J12-D12)/D12) | L12: =IF(K12="","",IF(K12>0.05,"OVER 5% - problem",IF(K12>0.03,"Above 3% - look closer","OK")))
J13: =IF(COUNT(D13:I13)=0,"",SUM(D13:F13)+SUM(H13:I13)-G13) | K13: =IF(OR(J13="",D13="",D13=0),"",(J13-D13)/D13) | L13: =IF(K13="","",IF(K13>0.05,"OVER 5% - problem",IF(K13>0.03,"Above 3% - look closer","OK")))
J14: =IF(COUNT(D14:I14)=0,"",SUM(D14:F14)+SUM(H14:I14)-G14) | K14: =IF(OR(J14="",D14="",D14=0),"",(J14-D14)/D14) | L14: =IF(K14="","",IF(K14>0.05,"OVER 5% - problem",IF(K14>0.03,"Above 3% - look closer","OK")))
J15: =IF(COUNT(D15:I15)=0,"",SUM(D15:F15)+SUM(H15:I15)-G15) | K15: =IF(OR(J15="",D15="",D15=0),"",(J15-D15)/D15) | L15: =IF(K15="","",IF(K15>0.05,"OVER 5% - problem",IF(K15>0.03,"Above 3% - look closer","OK")))
J16: =IF(COUNT(D16:I16)=0,"",SUM(D16:F16)+SUM(H16:I16)-G16) | K16: =IF(OR(J16="",D16="",D16=0),"",(J16-D16)/D16) | L16: =IF(K16="","",IF(K16>0.05,"OVER 5% - problem",IF(K16>0.03,"Above 3% - look closer","OK")))
... J103: =IF(COUNT(D103:I103)=0,"",SUM(D103:F103)+SUM(H103:I103)-G103) | K103: =IF(OR(J103="",D103="",D103=0),"",(J103-D103)/D103) | L103: =IF(K103="","",IF(K103>0.05,"OVER 5% - problem",IF(K103>0.03,"Above 3% - look closer","OK")))

Sheet Summary
A1: PERCY PLATE
A2: Quarterly Charge Audit | percyplate.com | Per-Supplier Rollup
A4: Type each supplier's name in column A - totals pull from the Audit Log automatically.
A6: Supplier | B6: Invoices | C6: Product Subtotal ($) | D6: Total Charges ($) | E6: Effective Markup (%)
B7: =IF(A7="","",COUNTIF('Audit Log'!B:B,A7)) | C7: =IF(A7="","",SUMIF('Audit Log'!B:B,A7,'Audit Log'!D:D)) | D7: =IF(A7="","",SUMIF('Audit Log'!B:B,A7,'Audit Log'!E:E)+SUMIF('Audit Log'!B:B,A7,'Audit Log'!F:F)+SUMIF('Audit Log'!B:B,A7,'Audit Log'!H:H)+SUMIF('Audit Log'!B:B,A7,'Audit Log'!I:I)-SUMIF('Audit Log'!B:B,A7,'Audit Log'!G:G)) | E7: =IF(OR(A7="",C7="",C7=0),"",D7/C7)
B8: =IF(A8="","",COUNTIF('Audit Log'!B:B,A8)) | C8: =IF(A8="","",SUMIF('Audit Log'!B:B,A8,'Audit Log'!D:D)) | D8: =IF(A8="","",SUMIF('Audit Log'!B:B,A8,'Audit Log'!E:E)+SUMIF('Audit Log'!B:B,A8,'Audit Log'!F:F)+SUMIF('Audit Log'!B:B,A8,'Audit Log'!H:H)+SUMIF('Audit Log'!B:B,A8,'Audit Log'!I:I)-SUMIF('Audit Log'!B:B,A8,'Audit Log'!G:G)) | E8: =IF(OR(A8="",C8="",C8=0),"",D8/C8)
B9: =IF(A9="","",COUNTIF('Audit Log'!B:B,A9)) | C9: =IF(A9="","",SUMIF('Audit Log'!B:B,A9,'Audit Log'!D:D)) | D9: =IF(A9="","",SUMIF('Audit Log'!B:B,A9,'Audit Log'!E:E)+SUMIF('Audit Log'!B:B,A9,'Audit Log'!F:F)+SUMIF('Audit Log'!B:B,A9,'Audit Log'!H:H)+SUMIF('Audit Log'!B:B,A9,'Audit Log'!I:I)-SUMIF('Audit Log'!B:B,A9,'Audit Log'!G:G)) | E9: =IF(OR(A9="",C9="",C9=0),"",D9/C9)
B10: =IF(A10="","",COUNTIF('Audit Log'!B:B,A10)) | C10: =IF(A10="","",SUMIF('Audit Log'!B:B,A10,'Audit Log'!D:D)) | D10: =IF(A10="","",SUMIF('Audit Log'!B:B,A10,'Audit Log'!E:E)+SUMIF('Audit Log'!B:B,A10,'Audit Log'!F:F)+SUMIF('Audit Log'!B:B,A10,'Audit Log'!H:H)+SUMIF('Audit Log'!B:B,A10,'Audit Log'!I:I)-SUMIF('Audit Log'!B:B,A10,'Audit Log'!G:G)) | E10: =IF(OR(A10="",C10="",C10=0),"",D10/C10)
B11: =IF(A11="","",COUNTIF('Audit Log'!B:B,A11)) | C11: =IF(A11="","",SUMIF('Audit Log'!B:B,A11,'Audit Log'!D:D)) | D11: =IF(A11="","",SUMIF('Audit Log'!B:B,A11,'Audit Log'!E:E)+SUMIF('Audit Log'!B:B,A11,'Audit Log'!F:F)+SUMIF('Audit Log'!B:B,A11,'Audit Log'!H:H)+SUMIF('Audit Log'!B:B,A11,'Audit Log'!I:I)-SUMIF('Audit Log'!B:B,A11,'Audit Log'!G:G)) | E11: =IF(OR(A11="",C11="",C11=0),"",D11/C11)
B12: =IF(A12="","",COUNTIF('Audit Log'!B:B,A12)) | C12: =IF(A12="","",SUMIF('Audit Log'!B:B,A12,'Audit Log'!D:D)) | D12: =IF(A12="","",SUMIF('Audit Log'!B:B,A12,'Audit Log'!E:E)+SUMIF('Audit Log'!B:B,A12,'Audit Log'!F:F)+SUMIF('Audit Log'!B:B,A12,'Audit Log'!H:H)+SUMIF('Audit Log'!B:B,A12,'Audit Log'!I:I)-SUMIF('Audit Log'!B:B,A12,'Audit Log'!G:G)) | E12: =IF(OR(A12="",C12="",C12=0),"",D12/C12)
B13: =IF(A13="","",COUNTIF('Audit Log'!B:B,A13)) | C13: =IF(A13="","",SUMIF('Audit Log'!B:B,A13,'Audit Log'!D:D)) | D13: =IF(A13="","",SUMIF('Audit Log'!B:B,A13,'Audit Log'!E:E)+SUMIF('Audit Log'!B:B,A13,'Audit Log'!F:F)+SUMIF('Audit Log'!B:B,A13,'Audit Log'!H:H)+SUMIF('Audit Log'!B:B,A13,'Audit Log'!I:I)-SUMIF('Audit Log'!B:B,A13,'Audit Log'!G:G)) | E13: =IF(OR(A13="",C13="",C13=0),"",D13/C13)
B14: =IF(A14="","",COUNTIF('Audit Log'!B:B,A14)) | C14: =IF(A14="","",SUMIF('Audit Log'!B:B,A14,'Audit Log'!D:D)) | D14: =IF(A14="","",SUMIF('Audit Log'!B:B,A14,'Audit Log'!E:E)+SUMIF('Audit Log'!B:B,A14,'Audit Log'!F:F)+SUMIF('Audit Log'!B:B,A14,'Audit Log'!H:H)+SUMIF('Audit Log'!B:B,A14,'Audit Log'!I:I)-SUMIF('Audit Log'!B:B,A14,'Audit Log'!G:G)) | E14: =IF(OR(A14="",C14="",C14=0),"",D14/C14)
B15: =IF(A15="","",COUNTIF('Audit Log'!B:B,A15)) | C15: =IF(A15="","",SUMIF('Audit Log'!B:B,A15,'Audit Log'!D:D)) | D15: =IF(A15="","",SUMIF('Audit Log'!B:B,A15,'Audit Log'!E:E)+SUMIF('Audit Log'!B:B,A15,'Audit Log'!F:F)+SUMIF('Audit Log'!B:B,A15,'Audit Log'!H:H)+SUMIF('Audit Log'!B:B,A15,'Audit Log'!I:I)-SUMIF('Audit Log'!B:B,A15,'Audit Log'!G:G)) | E15: =IF(OR(A15="",C15="",C15=0),"",D15/C15)
B16: =IF(A16="","",COUNTIF('Audit Log'!B:B,A16)) | C16: =IF(A16="","",SUMIF('Audit Log'!B:B,A16,'Audit Log'!D:D)) | D16: =IF(A16="","",SUMIF('Audit Log'!B:B,A16,'Audit Log'!E:E)+SUMIF('Audit Log'!B:B,A16,'Audit Log'!F:F)+SUMIF('Audit Log'!B:B,A16,'Audit Log'!H:H)+SUMIF('Audit Log'!B:B,A16,'Audit Log'!I:I)-SUMIF('Audit Log'!B:B,A16,'Audit Log'!G:G)) | E16: =IF(OR(A16="",C16="",C16=0),"",D16/C16)

Sheet Instructions
A1: PERCY PLATE
A2: Quarterly Charge Audit | percyplate.com
A3: Built September 2026. Free to share with customers and readers.
A5: HOW TO USE (about 90 minutes per supplier, once a quarter)
A6: 1. Pull the last 13 weeks of invoices for each supplier.
A7: 2. Audit Log tab: one row per invoice. Enter date, supplier, invoice number, and the dollar amounts from the bottom section of the invoice: product subtotal, delivery fee, fuel surcharge, restocking fees, rebates applied, and tax. Leave rebates blank (not zero) if none appear on that invoice.
A8: 3. Total Billed and Effective Markup calculate automatically. Effective Markup = (delivery + fuel + tax - rebates) / product subtotal - the percentage you pay above the line-item prices.
A9: 4. The Flag column reads the markup: under 3% = OK, 3-5% = look closer, over 5% = problem worth a call to your rep.
A10: 5. Summary tab: type each supplier's name in column A. Invoice counts and markups pull in automatically from the Audit Log.
A12: WHAT THE NUMBERS MEAN
A13: For most operators the effective markup should be under 3%. If it is over 5%, something in the charges layer needs challenging: a freight minimum that crept up, a fuel surcharge that outlived the diesel price it was tied to, restocking fees on supplier errors, or tax charged on resale-exempt food.
A15: The first data row of the Audit Log is a filled-in example. Overwrite it with your own data.
A17: percyplate.com - know your numbers, keep your margin.
